 Dungeon Crawl Stone Soup version 0.28.0-53-g5a82cb258f (webtiles) character file.

Game seed: 9786688435401644963

13787 issech the Basher (level 11, -3/87 HPs)
             Began as a Minotaur Monk on June 1, 2022.
             Was an Elder of Hepliaklqana.
             Slain by a very large slime creature (55 damage)
             ... on level 12 of the Dungeon.
             The game lasted 00:40:10 (9854 turns).

issech the Basher (Minotaur Monk)                   Turns: 9854, Time: 00:40:11

Health: -3/87      AC:  9    Str: 22    XL:     11   Next: 80%
Magic:  10/10      EV: 21    Int:  7    God:    Hepliaklqana [****..]
Gold:   515        SH:  0    Dex: 17    Spells: 10/10 levels left

rFire   . . .      SeeInvis .   H - +4 club (spect)
rCold   . . .      Faith    .   (no shield)
rNeg    . . .      Spirit   .   o - +0 troll leather armour
rPois   .          Reflect  .   S - +1 hat {Will+}
rElec   .          Harm     .   X - scarf {repulsion}
rCorr   .          Rampage  .   i - +0 pair of gloves
Will    +....                   b - +0 pair of boots
Stlth   +++.......              V - amulet of the acrobat
HPRegen 1.04/turn               c - +4 ring of evasion
MPRegen 0.12/turn               W - +6 ring of strength

@: slowed, repel missiles, very slow
A: reduced essence, horns 2, retaliatory headbutt
a: Renounce Religion, Recall Ancestor, Ancestor Identity, Transference, Idealise


You were on level 12 of the Dungeon.
You worshipped Hepliaklqana.
Hepliaklqana was greatly pleased with you.
You visited 2 branches of the dungeon, and saw 13 of its levels.

You collected 720 gold pieces.
You spent 205 gold pieces at shops.

Inventory:

Hand Weapons
 k - a +0 hunting sling
 u - a +2 flail of pain
 B - a +1 flail of holy wrath
 D - the +7 trident of the Eternal Void {pain, Dex+3}
   (You found it on level 3 of the Dungeon)

   In the hands of one skilled in necromantic magic, it inflicts extra damage on
   living creatures.
   Dex:       It affects your dexterity (+3).
 H - a +4 spectral club (weapon)
 N - a +0 shortbow
 Q - a +0 arbalest
Missiles
 d - 321 stones
 f - 63 sling bullets
 q - 29 poisoned darts (quivered)
 w - 238 arrows
 C - 97 bolts
 T - 3 boomerangs
 U - a throwing net
 Y - 4 javelins
Armour
 b - a +0 pair of boots (worn)
 i - a +0 pair of gloves (worn)
 l - a +1 hat of intelligence
 o - a +0 troll leather armour (worn)
 I - a +0 plate armour
 S - a +1 hat of willpower (worn)
 X - a scarf of repulsion (worn)
Jewellery
 c - a +4 ring of evasion (left hand)
 v - an amulet of magic regeneration
 V - an amulet of the acrobat (around neck)
 W - a +6 ring of strength (right hand)
Wands
 a - a wand of polymorph (8)
 m - a wand of flame (9)
 F - a wand of charming (4)
 G - a wand of paralysis (2)
 P - a wand of iceblast (7)
Scrolls
 e - 3 scrolls of blinking
 g - a scroll of fear
 p - a scroll of brand weapon {unknown}
 r - 2 scrolls of fog {unknown}
 y - 2 scrolls of holy word {unknown}
 A - 2 scrolls of enchant weapon {unknown}
 E - 2 scrolls of summoning {unknown}
 J - a scroll of enchant armour {unknown}
 K - a scroll of silence {unknown}
 O - 2 scrolls of amnesia {unknown}
 R - 2 scrolls of vulnerability {unknown}
 Z - a scroll of noise {unknown}
Potions
 h - a potion of mutation {unknown}
 j - 5 potions of attraction {unknown}
 n - a potion of brilliance {unknown}
 s - 3 potions of might {unknown}
 t - 3 potions of curing {unknown}
 x - a potion of ambrosia {unknown}
 z - a potion of heal wounds {unknown}
 L - a potion of resistance {unknown}
 M - 2 potions of lignification {unknown}


   Skills:
 + Level 9.2 Fighting
 + Level 6.0(10.5) Axes
 + Level 11.6(12.2) Maces & Flails
 + Level 6.5(7.6) Polearms
 + Level 3.3 Throwing
 + Level 8.3 Armour
 + Level 10.1 Dodging
 + Level 6.1 Stealth


You had 10 spell levels left.
You didn't know any spells.
Your spell library contained the following spells:

 Spells                   Type           Power      Damage    Failure   Level
 Animate Skeleton         Necr           0%         N/A       45%         1
 Apportation              Tloc           0%         N/A       45%         1
 Summon Small Mammal      Summ           0%         N/A       45%         1
 Corpse Rot               Necr/Air       0%         N/A       61%         2
 Poisonous Vapours        Pois/Air       0%         N/A       61%         2
 Malign Gateway           Summ/Tloc      0%         N/A       100%        7
 Summon Horrible Things   Summ           0%         N/A       100%        8


Dungeon Overview and Level Annotations

Branches:
Dungeon (12/15)            Temple (1/1) D:6            Lair (0/6) D:9
    Orc (0/2) D:9

Altars:
Ashenzari
Cheibriados
Dithmenos
Elyvilon
Fedhas
Gozag
Hepliaklqana
Kikubaaqudgha
Makhleb
Nemelex Xobeh
Okawaru
Qazlal
Ru
Sif Muna
Trog
Uskayaw
Vehumet
Wu Jian
Xom
Yredelemnul
Zin
The Shining One

Shops:
D:8 :([:!


Innate Abilities, Weirdness & Mutations

Your life essence is reduced to manifest your ancestor. (-10% HP)
You have a pair of horns on your head.
You reflexively headbutt those who attack you in melee.


Message History

The wraith drains your +4 spectral club's vigour!
Your +4 spectral club seems to slow down.
You hit the large slime creature.
The large slime creature is heavily wounded.
Your +4 spectral club hits the large slime creature.
The large slime creature hits you but does no damage.
Unknown command.
You sock the large slime creature! You headbutt the large slime creature.
The large slime creature is heavily wounded.
Your +4 spectral club barely misses the large slime creature.
The very large slime creature closely misses you.
You furiously retaliate!
You headbutt the very large slime creature!
You sock the large slime creature!
The large slime creature is severely wounded.
Your +4 spectral club hits the large slime creature!
The large slime creature hits you but does no damage.
The wraith barely misses you.
You hit the large slime creature. You headbutt the large slime creature!
The large slime creature is almost dead.
Your +4 spectral club hits the large slime creature.
The very large slime creature closely misses you.
You furiously retaliate!
You headbutt the very large slime creature.
The large slime creature hits your +4 spectral club.
Your spectral weapon shares its damage with you!
You hit the large slime creature.
The large slime creature is almost dead.
Your +4 spectral club hits the large slime creature.
The wraith hits you! The wraith drains your vigour!
You feel yourself slow down. The very large slime creature hits you!
You hit the large slime creature. You headbutt the large slime creature.
The large slime creature is almost dead.
Your +4 spectral club hits the large slime creature!
You kill the large slime creature!
The wraith closely misses you. You furiously retaliate!
You headbutt the wraith!
The very large slime creature hits you!!!
Ouch! That really hurt!
You die...

...........+
...........#
...........#
........)..#
.....$.....#
...........#
<.....W(J..#
#####@#
#)...R#
#.##### #
#####'######
.#
#..........#
######.#
#..........#
####.......
#..........#
#..........
#..........#
#.##.......
#..........#
###.##.......


You could see the friendly Kammani the battlemage, a very large slime creature
(ally target), a wraith (ally target) and a friendly +4 spectral club (summoned,
slow).

Vanquished Creatures
  Gastronok (D:9)
  A boulder beetle (D:12)
  2 two-headed ogres
  Pikel (D:8)
  An ugly thing (D:11)
  2 gargoyles (D:11)
  An unseen horror (D:11)
  Psyche (D:8)
  2 slime creatures (D:12)
  A meliai zombie (D:10)
  2 wyverns
  A wyvern (shapeshifter) (D:11)
  12 yaks
  An acid dragon (D:11)
  3 sky beasts
  2 ogres
  3 black bears
  4 centaurs
  A kobold brigand (D:8)
  4 bullfrogs
  A gnoll sergeant (D:8)
  2 scorpions
  A wight (D:8)
  4 killer bees
  A howler monkey (D:10)
  2 centaur zombies (D:8)
  4 orc priests
  2 bullfrog skeletons
  2 jellies
  3 iguanas
  Ijyb (D:4)
  5 orc wizards
  6 gnolls
  A howler monkey skeleton (D:6)
  4 adders
  A white imp (D:5)
  An ufetubus (D:6)
  An adder skeleton (D:5)
  3 worms
  2 dart slugs
  15 orcs
  8 ball pythons
  5 bats
  7 endoplasms
  A giant cockroach (D:3)
  7 goblins
  12 hobgoblins
  4 quokkas
  4 frilled lizards
  10 kobolds
  4 rats
170 creatures vanquished.

Vanquished Creatures (collateral kills)
  A boulder beetle (D:11)
  Joseph (D:8)
  A troll (D:10)
  4 yaks
  3 steam dragons (D:8)
  2 acid dragons
  2 orc warriors
  2 ice beasts
  A sky beast (D:8)
  A black bear (D:7)
  3 centaurs
  4 lemures (D:8)
  2 kobold brigands (D:8)
  8 killer bees
  2 howler monkeys (D:10)
  2 centaur zombies
  An iguana (D:7)
  A killer bee zombie (D:8)
  2 howler monkey zombies
  A gnoll (D:7)
  A white imp (D:6)
  2 orcs (D:8)
  A kobold (D:8)
48 creatures vanquished.

Vanquished Creatures (others)
  3 battlemagi
3 creatures vanquished.

Grand Total: 221 creatures vanquished

Notes
Turn   | Place    | Note
-------+----------+-------------------------------------------
     0 | D:1      | issech the Minotaur Monk began the quest for the Orb.
     0 | D:1      | Reached XP level 1. HP: 19/19 MP: 0/0
   181 | D:1      | Reached XP level 2. HP: 27/27 MP: 1/1
   809 | D:2      | Reached XP level 3. HP: 16/33 MP: 2/2
   968 | D:2      | Reached skill level 1 in Armour
   968 | D:2      | Reached XP level 4. HP: 27/41 MP: 3/3
   969 | D:2      | Reached skill level 5 in Axes
  1525 | D:3      | Found a shimmering altar of Xom.
  1547 | D:3      | Reached XP level 5. HP: 47/47 MP: 4/4
  1652 | D:3      | Found an iron altar of Okawaru.
  1922 | D:3      | Identified the +7 trident of the Eternal Void {pain, Dex+3}
  2510 | D:4      | Reached skill level 1 in Polearms
  2510 | D:4      | Reached XP level 6. HP: 48/53 MP: 5/5
  2624 | D:4      | Noticed Ijyb
  2629 | D:4      | Killed Ijyb
  2947 | D:5      | Entered Level 5 of the Dungeon
  3082 | D:5      | Reached skill level 5 in Fighting
  3082 | D:5      | Reached XP level 7. HP: 57/61 MP: 6/6
  3372 | D:5      | Noticed a yak
  3372 | D:5      | Noticed a yak
  3372 | D:5      | Noticed a yak
  3372 | D:5      | Noticed a yak
  3372 | D:5      | Noticed a yak
  3372 | D:5      | Noticed a yak
  3378 | D:5      | Killed a yak
  3379 | D:5      | Reached skill level 1 in Maces & Flails
  3381 | D:5      | Killed a yak
  3382 | D:5      | Reached skill level 5 in Dodging
  3411 | D:4      | Killed a yak
  3412 | D:4      | Reached skill level 2 in Maces & Flails
  3412 | D:4      | Reached skill level 5 in Polearms
  3457 | D:4      | Killed a yak
  3458 | D:4      | Reached XP level 8. HP: 61/69 MP: 7/7
  3462 | D:4      | Reached skill level 3 in Maces & Flails
  4059 | D:6      | Found a staircase to the Ecumenical Temple.
  4069 | D:6      | Reached skill level 4 in Maces & Flails
  4093 | Temple   | Entered the Ecumenical Temple
  4101 | Temple   | Became a worshipper of Hepliaklqana the Forgotten
  4101 | Temple   | Reached * piety under Hepliaklqana
  4101 | Temple   | Reached ** piety under Hepliaklqana
  4102 | Temple   | Remembered your ancestor Kammani as a battlemage
  4755 | D:6      | Reached skill level 5 in Maces & Flails
  4859 | D:7      | Reached skill level 5 in Armour
  4859 | D:7      | Reached XP level 9. HP: 67/67 MP: 8/8
  5063 | D:7      | Found a white marble altar of Elyvilon.
  5919 | D:8      | Reached skill level 6 in Maces & Flails
  5996 | D:8      | Found Xewud's Antique Weapon Shoppe.
  5999 | D:8      | Found Duamn's Armour Boutique.
  6003 | D:8      | Found Qael's Distillery.
  6010 | D:8      | Bought a +1 hat of willpower for 192 gold pieces
  6026 | D:8      | Bought a potion of degeneration for 13 gold pieces
  6122 | D:8      | Found Cud Gaer's Book Shoppe.
  6167 | D:8      | Reached *** piety under Hepliaklqana
  6187 | D:8      | Noticed Psyche
  6194 | D:8      | Killed Psyche
  6195 | D:8      | Reached skill level 7 in Maces & Flails
  6251 | D:8      | Noticed Joseph
  6260 | D:8      | Killed Joseph
  6265 | D:8      | Reached skill level 1 in Throwing
  6265 | D:8      | Reached XP level 10. HP: 30/75 MP: 9/9
  6278 | D:8      | Reached skill level 8 in Maces & Flails
  6530 | D:8      | Noticed Pikel
  6536 | D:8      | Killed Pikel
  6792 | D:8      | Found a bloodstained altar of Trog.
  6929 | D:8      | You fall into a shaft and drop 3 floors!
  6936 | D:11     | Reached skill level 9 in Maces & Flails
  6940 | D:11     | Noticed a gargoyle
  6958 | D:11     | Noticed a boulder beetle
  6970 | D:10     | Entered Level 10 of the Dungeon
  7066 | D:8      | Found Xecunos's Book Shoppe.
  7251 | D:9      | Noticed a two-headed ogre
  7259 | D:9      | Killed a two-headed ogre
  7266 | D:9      | Found a hide-covered altar of Uskayaw.
  7298 | D:9      | Found a staircase to the Orcish Mines.
  7483 | D:9      | Reached **** piety under Hepliaklqana
  7484 | D:9      | Noticed Gastronok
  7501 | D:9      | Killed Gastronok
  7502 | D:9      | Reached skill level 10 in Maces & Flails
  7555 | D:9      | Found a staircase to the Lair.
  7612 | D:9      | Found a broken altar of Ashenzari.
  7722 | D:9      | Reached XP level 11. HP: 84/84 MP: 10/10
  8157 | D:10     | Found a snail-covered altar of Cheibriados.
  8194 | D:10     | Reached skill level 5 in Stealth
  8914 | D:11     | Killed a boulder beetle
  8915 | D:11     | Reached skill level 11 in Maces & Flails
  8958 | D:11     | Noticed a red ugly thing
  9130 | D:11     | Killed a red ugly thing
  9336 | D:11     | Noticed a two-headed ogre
  9343 | D:11     | Killed a two-headed ogre
  9469 | D:11     | Reached skill level 10 in Dodging
  9743 | D:12     | Noticed a boulder beetle
  9763 | D:12     | Killed a boulder beetle
  9854 | D:12     | Slain by a very large slime creature

Illustrated notes

Levels and vault maps discovered:
D:1:      minmay_arrival_shattered_statue, layout_rooms, chequers_jeans
D:2:      cheibrodos_pilgrimage, layout_basic, chequers_serial_rivers_large_a,
          minmay_pentomino_o2
D:3:      layout_basic, xom_teletrap_fun, okawaru_metal_pillars_1_2,
          chequers_hall_statues_corner_a, minmay_misc_feat_plants, dk_vineyard_3
D:4:      layout_rooms, hangedman_abyss_or_decor_passed, uniq_ijyb
D:5:      layout_gridville
D:6:      layout_basic, minmay_temple_entry_grid
D:7:      black_bear_nest_1, layout_basic, elyvilon_altar_3
D:8:      layout_loops_ring, trog_book, serial_shops, shop, shop, shop_statue,
          kennysheep_mini, nicolae_shop_advertising_works
          [nicolae_subvault_shop_adworks], grunt_ministairs_2,
          kennysheep_kite_vault, uniq_pikel, uniq_psyche, uniq_joseph
D:9:      minmay_blocky_corners, layout_grid_maze, mainiacjoe_overflow_paths,
          nicolae_uskayaw_dance_hall, orc_0_dummy, uniq_gastronok
D:10:     layout_big_octagon, old_standard_altar
D:11:     nicolae_cairo_tiling_large, layout_basic
D:12:     layout_roguey [special_room_orc]
Temple:   eino_wide_crystal_templ

Skill      XL: |  1  2  3  4  5  6  7  8  9 10 11 |
---------------+----------------------------------+-----
Fighting       | 4 5 6 8 9 |  9.2
Axes           | 4 5 6 |  6.0
Armour         | 1 2 3 4 5 7 8 |  8.3
Dodging        | 4 5 6 8 9 10 | 10.1
Stealth        | 2 3 4 6 |  6.1
Polearms       | 1 3 5 6 |  6.5
Maces & Flails | 2 5 7 10 11 | 11.6
Throwing       | 1 2 3 |  3.3

Action                   |  1- 3 |  4- 6 |  7- 9 | 10-12 || total
-------------------------+-------+-------+-------+-------++-------
Melee: Hand axe          |    69 |    61 |       |       ||   130
       Headbutt          |    11 |    24 |    37 |    67 ||   139
       Trident           |       |    32 |       |       ||    32
       Club              |       |    14 |   128 |   217 ||   359
       Punch             |       |     2 |     1 |     1 ||     4
Throw: Stone             |       |       |     1 |       ||     1
       Dart              |       |       |     3 |    11 ||    14
Invok: Ancestor Life: Ba |       |       |     1 |       ||     1
       Recall Ancestor   |       |       |       |     1 ||     1
  Use: Scroll            |       |       |       |     4 ||     4
       Potion            |       |       |       |     1 ||     1
 Stab: Sleeping          |       |     2 |     1 |     2 ||     5
       Distracted        |       |       |     1 |     8 ||     9
Armor: Ring mail         |     1 |       |       |       ||     1
       Scale mail        |     5 |       |       |       ||     5
       Troll leather arm |    12 |    10 |    25 |    41 ||    88
Dodge: Dodged            |    73 |    85 |   123 |   157 ||   438
       Repelled          |       |       |     1 |     3 ||     4
